 Dungeon Crawl Stone Soup version 0.24-a0-619-gb7544fd237 (webtiles) character file.

Game seed: 15754758137290561323, levelgen mode: deterministic

60 Oninnaise the Chopper (level 3, 0/29 HPs)
             Began as a Demonspawn Chaos Knight on Sept 17, 2019.
             Was a Plaything of Xom.
             Slain by a water moccasin (4 damage)
             ... on level 2 of the Dungeon.
             The game lasted 00:02:46 (897 turns).

Oninnaise the Chopper (Demonspawn Chaos Knight)      Turns: 897, Time: 00:02:49

Health: 0/29       AC:  7    Str: 13    XL:     3   Next: 82%
Magic:  3/3        EV: 11    Int: 15    God:    Xom [......]
Gold:   47         SH:  0    Dex: 12    Spells: 2/2 levels left

rFire    . . .     SeeInvis .   a - +0 hand axe (chaos)
rCold    . . .     Gourm    .   (no shield)
rNeg     . . .     Faith    .   b - +2 leather armour
rPois    .         Spirit   .   (no helmet)
rElec    .         Reflect  .   (no cloak)
rCorr    .         Harm     .   (no gloves)
MR       .....                  (no boots)
Stlth    +.........             (no amulet)
HPRegen  0.09/turn              (no ring)
MPRegen  0.08/turn              (no ring)

@: no status effects
A: talons 1, iridescent scales 1, clever 1, deterioration 2
a: Renounce Religion


You were on level 2 of the Dungeon.
You worshipped Xom.
You were a very special plaything of Xom.
You were not hungry.

You visited 1 branch of the dungeon, and saw 2 of its levels.

You collected 47 gold pieces.

Inventory:

Hand Weapons
 a - a +0 hand axe of chaos (weapon)
Armour
 b - a +2 leather armour (worn)
Jewellery
 l - an uncursed amulet of the gourmand {unknown}
Scrolls
 d - 5 scrolls of identify {unknown}
 e - a scroll of magic mapping {unknown}
 f - a scroll of fear {unknown}
 g - 2 scrolls of teleportation {unknown}
 i - a scroll of enchant weapon {unknown}
 k - a scroll of amnesia {unknown}
Potions
 j - a potion of flight {unknown}
Comestibles
 c - 9 rations


   Skills:
 - Level 3.0 Fighting
 + Level 4.3 Axes
 - Level 1.7 Armour
 - Level 0.8 Dodging


You had 2 spell levels left.
You didn't know any spells.
Your spell library was empty.

Dungeon Overview and Level Annotations

Branches:
Dungeon (2/15)

Altars:
Xom


Innate Abilities, Weirdness & Mutations

You are partially covered in iridescent scales. (AC +2)
You have sharp toenails.
Your mind is acute. (Int +2)
Your body often deteriorates upon taking damage.


Message History

The water moccasin bites you!
You die... "Hey, that's my plaything!"
Xom revives you!
It was a potion of mutation.
You feel extremely strange.
You feel yourself wasting away.
You feel clever.
You feel your body start to fall apart.
Your toenails lengthen and sharpen.
Xom is highly amused!
The jackal bites you.
* * * LOW HITPOINT WARNING * * *
The water moccasin bites you.
* * * LOW HITPOINT WARNING * * *
The jackal bites you but does no damage.
You miss the water moccasin. Your kick misses the water moccasin.
You closely miss the jackal. You hit the jackal but do no damage.
Space warps horribly around the jackal!!
You kill the jackal!
The water moccasin bites you.
You die...
Xom howls with laughter!

### #.# #.#
#.# #.# #.#
#.#
######@###
#...hhS..#
#.....l>.#
#.....s..#
..........###
............#
............#
............#
............#


You could see a water moccasin, 2 jackals, a giant cockroach and a frilled
lizard.

Vanquished Creatures
  A gnoll (D:1)
  An ooze (D:1)
  A leopard gecko (D:1)
  A ball python (D:1)
  4 bats (D:1)
  3 giant cockroaches (D:1)
  8 goblins
  3 hobgoblins (D:1)
  5 jackals
  6 kobolds (D:1)
  7 rats
40 creatures vanquished.

Notes
Turn   | Place    | Note
-------+----------+-------------------------------------------
     0 | D:1      | Oninnaise the Demonspawn Chaos Knight began the quest for
                  | the Orb.
     0 | D:1      | Reached XP level 1. HP: 18/18 MP: 1/1
    21 | D:1      | Reached skill level 3 in Axes
    32 | D:1      | Gained mutation: You are partially covered in iridescent
                  | scales. (AC +2) [demonic ancestry]
    32 | D:1      | Reached XP level 2. HP: 20/24 MP: 2/2
   128 | D:1      | XOM: silly message
   152 | D:1      | XOM: divination: detect creatures
   228 | D:1      | XOM: divination: magic mapping
   232 | D:1      | Reached XP level 3. HP: 18/29 MP: 3/3
   237 | D:1      | XOM: divination: detect items
   271 | D:1      | XOM: butterfly on damage
   276 | D:1      | Reached skill level 4 in Axes
   631 | D:1      | XOM: noise
   646 | D:1      | XOM: god gift: 7 rations
   825 | D:2      | XOM: noise
   856 | D:2      | Noticed a scorpion
   861 | D:2      | XOM: harmless Pois miscast
   863 | D:2      | XOM: scenery: create altars
   870 | D:2      | XOM: smoke on damage
   882 | D:1      | XOM: fog
   888 | D:2      | Noticed a water moccasin
   888 | D:2      | a scorpion changed into a water moccasin
   888 | D:2      | XOM: polymorph scorpion -> water moccasin
   895 | D:2      | Xom revived you
   896 | D:2      | Gained mutation: Your body sometimes deteriorates upon
                  | taking damage. [potion of mutation]
   896 | D:2      | Gained mutation: Your mind is acute. (Int +2) [potion of
                  | mutation]
   896 | D:2      | Gained mutation: Your body often deteriorates upon taking
                  | damage. [potion of mutation]
   896 | D:2      | Gained mutation: You have sharp toenails. [potion of
                  | mutation]
   897 | D:2      | Slain by a water moccasin

Levels and vault maps discovered:
D:1:      psy_arrival_statuary, layout_rooms
D:2:      layout_rooms, old_standard_altar

Skill      XL: |  1  2  3 |
---------------+----------+-----
Axes           | 3 4 |  4.3
Fighting       | |  3.0
Armour         | |  1.7
Dodging        | |  0.8

Action                   || total
-------------------------++-------
Melee: Hand axe          ||    91
  Use: Potion            ||     1
Armor: Leather armour    ||    46
Dodge: Dodged            ||    67

Table legend:
 A = Non-vault XP
 B = Vault XP
 C = Vault XP percentage of total XP
 D = Non-vault monster count
 E = Vault monster count
 F = Vault count percentage of total count
                 A         B        C        D         E       F
            +---------+---------+-------+---------+---------+-------
      Total |      87 |       0 |   0.0 |      40 |       0 |   0.0
            +---------+---------+-------+---------+---------+-------
        D:1 |      82 |       0 |   0.0 |      37 |       0 |   0.0
        D:2 |       5 |       0 |   0.0 |       3 |       0 |   0.0
            +---------+---------+-------+---------+---------+-------
